 Dungeon Crawl Stone Soup version 0.22-a0-358-g7563fe7 (webtiles) character file.

497 mistymad the Ruffian (level 6, 0/61 HPs)
             Began as a Troll Earth Elementalist on Apr 18, 2018.
             Killed from afar by an orc wizard (3 damage)
             ... with a puff of flame
             ... on level 4 of the Dungeon.
             The game lasted 00:07:31 (2869 turns).

mistymad the Ruffian (Troll Earth Elementalist)     Turns: 2869, Time: 00:07:32

Health: 0/61       AC:  5    Str: 17    XL:     6   Next: 93%
Magic:  0/6        EV: 14    Int: 13    God:
Gold:   79         SH:  0    Dex: 10    Spells: 6/7 levels left

rFire    . . .     SeeInvis .     - Unarmed
rCold    . . .     Gourm    +   (no shield)
rNeg     . . .     Faith    .   c - +0 robe
rPois    +         Spirit   +   (helmet restricted)
rElec    .         Reflect  .   (no cloak)
rCorr    .         Harm     .   (gloves unavailable)
MR       .....                  (boots unavailable)
Stlth    +.........             t - amulet of guardian spirit
HPRegen  0.60/turn              n - ring of poison resistance
MPRegen  0.10/turn              s - +4 ring of evasion

@: lethally poisoned (0 -> -1)
A: large, unfitting armour, claws 3, fast metabolism 3, gourmand, regeneration
1, shaggy fur 1, tough skin 2
a: no special abilities


You were on level 4 of the Dungeon.
You were completely stuffed.

You visited 2 branches of the dungeon, and saw 5 of its levels.

You collected 79 gold pieces.

Inventory:

Missiles
 b - 134 stones (quivered)
Armour
 c - a +0 robe (worn)
 m - a +0 large shield
Jewellery
 n - a ring of poison resistance (left claw)
 s - a +4 ring of evasion (right claw)
 t - an amulet of guardian spirit (around neck)
Scrolls
 a - a scroll of enchant weapon {unknown}
 f - 7 scrolls of identify {unknown}
 g - 2 scrolls of teleportation {unknown}
 h - a scroll of fog {unknown}
 j - 6 scrolls of remove curse {unknown}
 p - a scroll of blinking {unknown}
 r - a scroll of amnesia {unknown}
Potions
 e - a potion of curing {unknown}
 i - a potion of ambrosia {unknown}
 k - a potion of brilliance {unknown}
 l - a potion of haste {unknown}
 o - a potion of heal wounds {unknown}
 u - a potion of degeneration {unknown}
Comestibles
 d - 8 rations


   Skills:
 + Level 3.2 Fighting
 - Level 2.2 Throwing
 - Level 1.5 Dodging
 - Level 1.0 Stealth
 + Level 2.3 Shields
 + Level 3.9 Unarmed Combat
 - Level 1.2 Spellcasting
   Level 0.6 Transmutations
 - Level 2.6 Earth Magic


You had 6 spell levels left.
You knew the following spells:

 Your Spells              Type           Power        Failure   Level  Hunger
a - Sandblast             Erth           #.....       9%          1    ##.....


Dungeon Overview and Level Annotations

Branches:
Dungeon (4/15)             Temple (1/1) D:4

Altars:
Ashenzari
Cheibriados
Dithmenos
Elyvilon
Fedhas
Gozag
Hepliaklqana
Kikubaaqudgha
Makhleb
Nemelex Xobeh
Okawaru
Qazlal
Sif Muna
Trog
Uskayaw
Vehumet
Wu Jian
Xom
Yredelemnul
Zin
The Shining One


Innate Abilities, Weirdness & Mutations

You are too large for most types of armour.
You have claws for hands.
Your metabolism is lightning-fast.
You like to eat raw meat.
Your natural rate of healing is unusually fast.
You are covered in fur. (AC +1)
You have very tough skin. (AC +2)


Message History

You feel sick. Something hits you but does no damage.
You hear some strange, mumbled words.
A magic dart appears from out of thin air!
The magic dart hits you!
* * * LOW HITPOINT WARNING * * *
You take 5 damage, and have 1/61 hp.
Something hits you but does no damage.
You feel sick.
All of the chunks of flesh in your inventory have rotted away.
You feel sick.
You hear some strange, mumbled words.
A puff of flame appears from out of thin air!
The puff of flame misses you.
A magic dart appears from out of thin air!
The magic dart hits you!
* * * LOW HITPOINT WARNING * * *
You take 3 damage, and have 2/61 hp.
You now have 1/6 mp.
A puff of flame appears from out of thin air!
The puff of flame hits you!
You die...

###.... ##........
........# #....####
#............#####.####
##..............##.##
#...^..............#
#..................#
#.......).........##
##................#
................@##
....)............#
....##......##...#
..#####...#####.l# .###
##### #..# ...## #.o#
....## ######.## .....#
##....#o# .....#
##.....#.#


You could see 2 orcs and a leopard gecko.

Vanquished Creatures
  Sigmund (D:3)
  A howler monkey (D:4)
  An iguana (D:3)
  2 orc wizards (D:4)
  2 worker ants (D:4)
  Robin (D:3)
  A howler monkey skeleton (D:4)
  2 adders
  An ooze (D:3)
  5 worms
  3 dart slugs (D:1)
  5 leopard geckos
  8 orcs
  12 bats
  3 giant cockroaches
  15 goblins
  8 hobgoblins
  9 jackals
  8 kobolds
  5 quokkas
  3 frilled lizards
  2 rats
98 creatures vanquished.

Notes
Turn   | Place    | Note
-------+----------+-------------------------------------------
     0 | D:1      | mistymad the Troll Earth Elementalist began the quest for the Orb.
     0 | D:1      | Reached XP level 1. HP: 16/16 MP: 1/1
    56 | D:1      | Reached XP level 2. HP: 24/26 MP: 2/2
   106 | D:1      | Reached skill level 1 in Unarmed Combat
   219 | D:1      | Reached skill level 1 in Throwing
   331 | D:1      | Reached skill level 1 in Fighting
   492 | D:1      | Reached XP level 3. HP: 32/33 MP: 3/3
   829 | D:2      | Found a hide-covered altar of Uskayaw.
  1501 | D:3      | Reached XP level 4. HP: 20/41 MP: 4/4
  1601 | D:3      | Found a stormy altar of Qazlal.
  1602 | D:3      | Noticed an air elemental
  1603 | D:3      | Noticed a fire elemental
  1603 | D:3      | Noticed an earth elemental
  1603 | D:3      | Noticed a water elemental
  1636 | D:3      | Noticed Robin
  1643 | D:3      | Killed Robin
  1779 | D:3      | Reached XP level 5. HP: 46/49 MP: 5/5
  1884 | D:3      | Noticed Sigmund
  1901 | D:3      | Killed Sigmund
  1901 | D:3      | Reached skill level 1 in Shields
  1901 | D:3      | Reached XP level 6. HP: 53/59 MP: 6/6
  2309 | D:4      | Found a staircase to the Ecumenical Temple.
  2383 | Temple   | Entered the Ecumenical Temple
  2858 | D:4      | HP: 1/61 [something/magic dart (4)]
  2868 | D:4      | HP: 2/61 [something/magic dart (3)]
  2869 | D:4      | Killed from afar by an orc wizard

Vault maps used:
D:1:      eino_arrival_cavern_b
D:2:      eat_drink_and_be_merry_uskayaw, minmay_domino_4
D:3:      nicolae_qazlal_style_of_elements, uniq_robin, uniq_sigmund
D:4:      minmay_temple_entry_butterflies, minmay_misc_feat_plants,
          serial_park_tiny_2
Temple:   regret_index_temple_sigil_plot

Skill      XL: |  1  2  3  4  5  6 |
---------------+-------------------+-----
Unarmed Combat | 1 2 3 |  3.9
Throwing       | 1 2 |  2.2
Fighting       | 1 2 3 |  3.2
Shields        | 1 2 |  2.3
Dodging        | |  1.5
Stealth        | |  1.0
Spellcasting   | |  1.2
Transmutations | |  0.6
Earth Magic    | |  2.6

Action                   |  1- 3 |  4- 6 || total
-------------------------+-------+-------++-------
Melee: Unarmed           |   151 |   209 ||   360
       Punch             |       |     3 ||     3
 Stab: Sleeping          |       |     2 ||     2
  Eat: Chunk             |    19 |    13 ||    32
Armor: Robe              |    73 |    62 ||   135
Dodge: Dodged            |    84 |   115 ||   199

Table legend:
 A = Spawn XP
 B = Non-spawn XP
 C = Spawn XP percentage of total XP
 D = Spawn monster count
 E = Non-spawn monster count
 F = Spawn count percentage of total count
 G = Total turns spent on level
                    A         B        C        D         E        F      G
               +---------+---------+-------+---------+---------+-------+---------
         Total |       0 |     710 |   0.0 |       0 |      98 |   0.0 |  2869
               +---------+---------+-------+---------+---------+-------+---------
           D:1 |       0 |      49 |   0.0 |       0 |      24 |   0.0 |   823
           D:2 |       0 |      37 |   0.0 |       0 |      15 |   0.0 |   634
           D:3 |       0 |     376 |   0.0 |       0 |      44 |   0.0 |   776
           D:4 |       0 |     248 |   0.0 |       0 |      15 |   0.0 |   509
               +---------+---------+-------+---------+---------+-------+---------
